 Dungeon Crawl Stone Soup version 0.30-a0-23-ge60ba3568b (webtiles) character file.

Game seed: 12258798399606198278

3 rubashov the Magician (level 1, 15/15 HPs)
             Began as a Djinni Fire Elementalist on Aug 24, 2022.
             Was a Follower of Jiyva.
             Quit the game on level 1 of the Dungeon.
             The game lasted 00:00:50 (223 turns).

rubashov the Magician (Djinni Fire Elementalist)     Turns: 223, Time: 00:00:51

Health: 15/15      AC:  2    Str:  7    XL:     1   Next: 55%
Gold:   13         EV: 12    Int: 16    God:    Jiyva [*.....] SH:  0 Dex: 13

rFire   + + .      SeeInvis .    c - +0 whip
rCold   x . .      Faith    .    (no shield)
rNeg    . . .      Spirit   .    a - +0 robe
rPois   ∞          Reflect  .    (no helmet)
rElec   .          Harm     .    (no cloak)
rCorr   .          Rampage  .    (no gloves)
Will    .....                    (boots unavailable)
Stlth   ++........               (no amulet)
HPRegen 0.85/turn                (no ring)
MPRegen 0.00/turn                (no ring)

@: flying
A: sickness immunity, fire resistance 2, cold vulnerability 1, float, innate
caster, HP casting, extra vitality 1
a: Renounce Religion


You were on level 1 of the Dungeon.
You worshipped Jiyva.
Jiyva was aware of your devotion.
You visited 1 branch of the dungeon, and saw 1 of its levels.

You collected 13 gold pieces.

Inventory:

Hand Weapons
 c - a +0 whip (weapon)
Missiles
 b - 9 stones
Armour
 a - a +0 robe (worn)
Potions
 d - a potion of invisibility {unknown}


   Skills:
 * Level 0.1 Fighting
 * Level 2.2 Dodging
 - Level 1.5 Stealth
 * Level 2.5 Spellcasting


You couldn't memorise any spells.
You knew the following spells:

 Your Spells              Type           Power      Damage    Failure   Level
a - Foxfire               Conj/Fire      40%        2x1d6     7%          1
b - Scorch                Fire           20%        2d6       11%         2
c - Conjure Flame         Conj/Fire      10%        6-21      21%         3
d - Inner Flame           Hex/Fire       10%        N/A       21%         3
e - Flame Wave            Conj/Fire      10%        2d6       56%         4
Your spell library was empty.

Dungeon Overview and Level Annotations

Branches:
Dungeon (1/15)

Altars:
Jiyva


Innate Abilities, Weirdness & Mutations

You are immune to sickness and miasma.
You are immune to poison.
Your flesh is very heat resistant. (rF++)
You are vulnerable to cold. (rC-)
You float through the air rather than walking.
You learn spells naturally, not from books.
Your magical power is your life essence.
You have superior vitality. (+4 MHP)


Message History

You conjure some foxfire!
The foxfire hits the kobold.
The kobold is heavily wounded.
The foxfire hits the kobold but does no damage.
The kobold is heavily wounded.
Casting: Foxfire (safe; 8% risk of failure)
Confirm with . or Enter, or press ? or * to list all spells.
You conjure some foxfire!
The kobold hits you with a +0 whip.
The foxfire hits the kobold but does no damage.
The kobold is heavily wounded.
The foxfire hits the kobold.
You kill the kobold!
Things that are here:
a +0 whip; a kobold corpse
c - a +0 whip Your magical contamination has completely faded away.
c - a +0 whip (weapon)
HP restored.
A bat comes into view.
Found a purple potion.
Casting: Foxfire (safe; 7% risk of failure)
Confirm with . or Enter, or press ? or * to list all spells.
You conjure some foxfire!
The foxfire hits the bat.
The bat is severely wounded.
The foxfire hits the bat.
You kill the bat!
You start resting.
HP restored.
d - a purple potion You now have 13 gold pieces.
You reach down and open the door.
Found a faded altar of an unknown god.
There is an open door here.
There is a faded altar of an unknown god here.
You cannot tell which god this altar belongs to.
Convert to them anyway?
Jiyva accepts your prayer! Jiyva welcomes you!
Jiyva begins accelerating your health and magic regeneration.
Are you sure you want to abandon this character and quit the game? (Confirm with "yes".)

## #. +. #.
####.####.#
..#.......#.#.#
..........#.#.#
..######..#.#.##
#...@#.#......
##'###.#...##.
#......#..## .#
#.....#...# #.#
#######...# #.##
####....### #..
..........# #.#
#######.#.###.##
#######.#.##...#


There were no monsters in sight!

Vanquished Creatures
  A bat (D:1)
  A kobold (D:1)
  A frilled lizard (D:1)
3 creatures vanquished.

Vanquished Creatures (others)
  5 foxfires (D:1)
5 creatures vanquished.

Grand Total: 8 creatures vanquished

Notes
Turn   | Place    | Note
-------+----------+-------------------------------------------
     0 | D:1      | rubashov the Djinni Fire Elementalist began the quest for
                  | the Orb.
     0 | D:1      | rubashov set off with the following spells memorised:
                  | Foxfire, Scorch, Conjure Flame, Inner Flame, Flame Wave.
     0 | D:1      | Reached XP level 1. HP: 15/15 MP: 0/0
   219 | D:1      | Found a faded altar of an unknown god.
   222 | D:1      | Prayed at the altar of an unknown god.
   222 | D:1      | Became a worshipper of Jiyva Jabaxuje the Shapeless
   222 | D:1      | Reached * piety under Jiyva
   223 | D:1      | Quit the game

Illustrated notes

Levels and vault maps discovered:
D:1:      roderic_chinese_lattice_arrival, layout_loops_ring,
          shapermc_ecumenical_altar_mp_vishouse

Action                   || total
-------------------------++-------
Melee: Unarmed           ||     1
 Cast: Foxfire           ||     3

Table legend: (Time is in decaauts)
 A = Elapsed time spent in this place.
 B = Non-inter-level travel time spent in this place.
 C = Inter-level travel time spent in this place.
 D = Time resting spent in this place.
 E = Time spent auto-exploring this place.
 F = Levels seen in this place.
 G = Mean time per level.
                   A        B        C        D        E       F      G
               +--------+--------+--------+--------+--------+-----+--------+
         Total |    222 |    222 |      0 |      8 |    179 |   1 |  222.0 |
       Dungeon |    222 |    222 |      0 |      8 |    179 |   1 |  222.0 |
               +--------+--------+--------+--------+--------+-----+--------+

Top non-repeatable levels by time:
     D:1: 222 daAuts
